 Dungeon Crawl Stone Soup version 0.29-a0-6-ga859fcf985 (webtiles) character file.

Game seed: 12603217834368815623

3224 Baz the Transmogrifier (level 9, -8/68 HPs)
             Began as a Merfolk Venom Mage on Sept 22, 2021.
             Was a High Priest of Ignis.
             Mangled by a yak (12 damage)
             ... on level 9 of the Dungeon on Jan 27, 2022.
             The game lasted 00:25:12 (10075 turns).

Baz the Transmogrifier (Merfolk Venom Mage)        Turns: 10075, Time: 00:25:12

Health: -8/68      AC:  5    Str: 15    XL:     9   Next: 98%
Magic:  6/16       EV: 14    Int: 18    God:    Ignis [*****.]
Gold:   302        SH:  0    Dex: 14    Spells: 2/18 levels left

rFire   + . .      SeeInvis .     - Blade Hands
rCold   . . .      Faith    .   (shield currently unavailable)
rNeg    . . .      Spirit   .   a - +0 robe
rPois   .          Reflect  .   (no helmet)
rElec   .          Harm     .   u - +2 cloak
rCorr   .          Rampage  .   (gloves currently unavailable)
Will    .....                   (no boots)
Stlth   ++........              c - amulet of regeneration
HPRegen 1.01/turn               j - +6 ring of strength
MPRegen 0.15/turn               (no ring)

@: blade hands (expiring), very slightly contaminated
A: (nimble swimmer 2), mertail
a: End Transformation, Renounce Religion, Fiery Armour, Foxfire Swarm, Rising
Flame


You were on level 9 of the Dungeon.
You worshipped Ignis.
Ignis was extremely pleased with you.
You had blades for hands.
You visited 1 branch of the dungeon, and saw 9 of its levels.

You collected 442 gold pieces.
You spent 140 gold pieces at shops.

Inventory:

Hand Weapons
 h - a +0 dagger
 m - a +4 quarterstaff of chaos (melded)
Missiles
 g - 217 stones
Armour
 a - a +0 robe (worn)
 u - a +2 cloak (worn)
 A - a +0 pair of gloves (melded)
Jewellery
 c - an amulet of regeneration (around neck)
 f - an amulet of the acrobat
 j - a +6 ring of strength (left blade hand)
 E - a ring of willpower
Wands
 n - a wand of iceblast (25)
 v - a wand of charming (14)
 w - a wand of digging (2)
 y - a wand of flame (12)
 C - a wand of acid (19)
 D - a wand of paralysis (5)
Scrolls
 b - 4 scrolls of holy word
 d - 3 scrolls of immolation
 i - a scroll of blinking
 l - a scroll of magic mapping
 o - 2 scrolls of enchant armour
 p - 2 scrolls of amnesia {unknown}
 q - a scroll of fear {unknown}
 r - 3 scrolls of teleportation
 x - 4 scrolls of identify
 z - a scroll of torment {unknown}
 B - a scroll of fog {unknown}
 F - a scroll of noise {unknown}
Potions
 e - a potion of curing
 k - 2 potions of degeneration
 s - 3 potions of haste
 t - 2 potions of flight {unknown}
 G - a potion of cancellation {unknown}
 H - a potion of resistance {unknown}


   Skills:
 + Level 5.1 Fighting
 + Level 5.7 Dodging
 - Level 2.1 Stealth
 - Level 5.1 Spellcasting
 - Level 10.0 Transmutations
 + Level 9.4 Poison Magic


You had 2 spell levels left.
You knew the following spells:

 Your Spells              Type           Power      Damage    Failure   Level
a - Sting                 Tmut/Pois      100%       1d8       10%         1
b - Poisonous Vapours     Pois/Air       42%        N/A       26%         2
c - Mephitic Cloud        Conj/Pois/Air  15%        N/A       47%         3
d - Olgreb's Toxic Radia  Pois           38%        N/A       24%         4
e - Sandblast             Erth           8%         2d5       52%         1
f - Blade Hands           Tmut           20%        N/A       36%         5

Your spell library contained the following spells:

 Spells                   Type           Power      Damage    Failure   Level
 Portal Projectile        Hex/Tloc       8%         N/A       78%         3
 Animate Armour           Summ/Erth      8%         N/A       98%         4
 Excruciating Wounds      Necr           2%         N/A       100%        5
 Iron Shot                Conj/Erth      2%         9d2       100%        6


Dungeon Overview and Level Annotations

Branches:
Dungeon (9/15)             Temple (0/1) D:6
   Lair: D:8-11         Orc: D:9-12

Altars:
Makhleb
Okawaru
Qazlal
Sif Muna
Uskayaw
Vehumet
Ignis

Shops:
D:3 [   D:4 (   D:5 :?[?*

Annotations:
D:4 exclusion: phantom
D:8 6 transporters


Innate Abilities, Weirdness & Mutations

You have blades for hands.
Your spellcasting is less reliable in this form.
You are incapable of wielding weapons or throwing items.
((You are very nimble when in or above water. (Stealth+, EV+, Speed+++)))
Your lower body shifts to a powerful aquatic tail in water.


Message History

Confirm with . or Enter, or press ? or * to list all spells.
You miscast Olgreb's Toxic Radiance.
You are very lightly contaminated with residual magic.
You feel incredibly sick!
You are poisoned.
You feel sick.
The yak bellows! x4
Unknown command.
Your transformation is almost over.
You feel sick.
You slash the yak!
The yak is moderately wounded.
You feel sick. The yak gores you.
You hit the yak.
The yak is heavily wounded.
You feel sick. The yak gores you.
You hit the yak.
The yak is heavily wounded.
You feel sick. The yak misses you.
You hit the yak.
The yak is severely wounded.
You feel sick. The yak gores you!
You slash the yak!
You kill the yak!
You feel sick.
You are no longer poisoned.
Your Fighting skill increases to level 5!
You slash the yak!
The yak is moderately wounded.
The yak gores you!
You slash the yak!
The yak is severely wounded.
The yak gores you!
* * * LOW HITPOINT WARNING * * *
The yak gores you!
* * * LOW HITPOINT WARNING * * *
You hit the yak but do no damage.
The yak is severely wounded.
The yak gores you!
You die...

##### #...# ######
#...# #....#
#...###....###
#........$...#####
#...#####†........
#...# ##Y##.#####
#...## #.@YY....!
###..# ####...$..
##.# ..... #.#
...? # #.## ... .
#..#### $# ##....#
# # ####.### #.# #
#...## ...# #


You could see 3 yaks.

Vanquished Creatures
  Sigmund (D:2)
  2 yaks (D:9)
  A wyvern (D:7)
  Edmund (D:5)
  A water moccasin (D:8)
  An orc warrior (D:8)
  An ice beast (D:6)
  2 necrophages
  A black bear (D:4)
  4 ogres
  A kobold brigand (D:5)
  2 bullfrogs (D:7)
  A gnoll sergeant (D:8)
  2 scorpions
  7 wights
  2 centaur zombies
  6 hounds
  Crazy Yiuf (D:5)
  A jelly (D:6)
  5 iguanas
  Ijyb (D:3)
  An orc priest (D:8)
  6 orc wizards
  2 hound skeletons
  8 gnolls
  13 adders
  A white imp (D:6)
  3 ufetubi
  2 worms
  2 dart slugs
  20 orcs
  6 endoplasms
  A giant cockroach (D:2)
  4 goblins
  5 hobgoblins
  4 jackals (D:1)
  12 kobolds
  4 quokkas
  11 ball pythons
  2 bats
  2 frilled lizards
  6 rats
159 creatures vanquished.

Notes
Turn   | Place    | Note
-------+----------+-------------------------------------------
     0 | D:1      | Baz the Merfolk Venom Mage began the quest for the Orb.
     0 | D:1      | Reached XP level 1. HP: 13/13 MP: 3/3
   188 | D:1      | Reached skill level 2 in Transmutations
   188 | D:1      | Reached XP level 2. HP: 15/19 MP: 0/5
   239 | D:1      | Learned a level 2 spell: Poisonous Vapours
   654 | D:1      | Found a faded altar of an unknown god.
   658 | D:1      | Got Plato's Handbook of Stones
   659 | D:1      | Became a worshipper of Ignis, the Dying Flame
  1216 | D:2      | Reached XP level 3. HP: 24/24 MP: 2/6
  1431 | D:2      | Learned a level 3 spell: Mephitic Cloud
  1488 | D:2      | Reached skill level 3 in Transmutations
  1836 | D:2      | Noticed Sigmund
  2246 | D:2      | HP: 1/24 [Sigmund/magic dart (8)]
  2248 | D:2      | Killed Sigmund
  2249 | D:2      | Reached skill level 4 in Transmutations
  2249 | D:2      | Reached skill level 5 in Poison Magic
  2249 | D:2      | Reached XP level 4. HP: 2/30 MP: 0/8
  2249 | D:2      | Reached XP level 5. HP: 2/35 MP: 0/9
  2918 | D:2      | Reached XP level 6. HP: 39/41 MP: 4/10
  2989 | D:2      | Reached skill level 5 in Transmutations
  3333 | D:3      | Found Safriruq's Armour Emporium.
  3367 | D:3      | Noticed Ijyb
  3402 | D:3      | Killed Ijyb
  3609 | D:3      | Learned a level 4 spell: Olgreb's Toxic Radiance
  3611 | D:3      | Learned a level 1 spell: Sandblast
  4338 | D:4      | Noticed a necrophage
  4480 | D:3      | Killed a necrophage
  4481 | D:3      | Reached XP level 7. HP: 11/40 MP: 10/12
  4540 | D:4      | Reached skill level 6 in Transmutations
  4751 | D:4      | Found Pujot's Weapon Boutique.
  4911 | D:4      | Found a burning altar of Makhleb.
  4911 | D:4      | Noticed a balrug
  4914 | D:4      | Noticed a smoke demon
  4914 | D:4      | Noticed a smoke demon
  5555 | D:5      | Entered Level 5 of the Dungeon
  5555 | D:5      | Found Terivage's General Store.
  5724 | D:5      | Bought a scroll of identify for 22 gold pieces
  5724 | D:5      | Bought a scroll of blinking for 82 gold pieces
  5734 | D:5      | Found Lecif's Magic Scroll Boutique.
  5735 | D:5      | Found Bucoi's Antique Armour Shop.
  5766 | D:5      | Reached skill level 7 in Transmutations
  5773 | D:5      | Reached XP level 8. HP: 52/52 MP: 8/14
  6132 | D:5      | Noticed Edmund
  6163 | D:5      | Killed Edmund
  6299 | D:5      | Found Abupoil's Magic Scroll Emporium.
  6312 | D:5      | Bought a scroll of teleportation for 36 gold pieces
  6354 | D:5      | Reached skill level 8 in Transmutations
  6588 | D:5      | Found Puzium's Book Shop.
  6596 | D:5      | Upgraded the game from 0.28-a0-512-g960c72b710 to
                  | 0.29-a0-6-ga859fcf985
  6674 | D:5      | Found a runed translucent door.
  6675 | D:5      | Noticed Crazy Yiuf
  6948 | D:5      | Killed Crazy Yiuf
  7210 | D:6      | Reached skill level 1 in Fighting
  7412 | D:6      | Found a staircase to the Ecumenical Temple.
  7471 | D:6      | Reached skill level 9 in Transmutations
  7508 | D:6      | Found a radiant altar of Vehumet.
  7935 | D:6      | Reached XP level 9. HP: 54/62 MP: 14/16
  7961 | D:6      | Reached skill level 5 in Spellcasting
  8460 | D:7      | Reached skill level 10 in Transmutations
  8485 | D:7      | Learned a level 5 spell: Blade Hands
  8587 | D:7      | Found an iron altar of Okawaru.
  8737 | D:8      | Found a transporter.
  8739 | D:8      | Found a transporter.
  8774 | D:8      | Found a shimmering blue altar of Sif Muna.
  8774 | D:8      | Found a stormy altar of Qazlal.
  8886 | D:8      | Found a transporter.
  8887 | D:8      | Found a transporter.
  9493 | D:8      | Found a transporter.
  9498 | D:8      | Found a transporter.
  9596 | D:8      | Noticed a +0 dagger
  9597 | D:8      | Noticed a +0 dagger
  9600 | D:8      | Found a hide-covered altar of Uskayaw.
  9812 | D:9      | Reached skill level 5 in Dodging
 10073 | D:9      | Reached skill level 5 in Fighting
 10074 | D:9      | HP: 3/68 [yak (11)]
 10075 | D:9      | Mangled by a yak

Illustrated notes

Levels and vault maps discovered:
D:1:      tarquinn_simple_flora_water_e, layout_loops_ring,
          shapermc_ecumenical_altar_rom_forum, chequers_decorated_corner
D:2:      layout_basic, minmay_pentomino_o4, uniq_sigmund
D:3:      layout_loops_ring, serial_shops, nicolae_square_shop, uniq_ijyb
D:4:      layout_gridville, makhleb_altar_promises_db, serial_shops,
          nicolae_shop_statue_plus
D:5:      layout_cave_pods, serial_shops, nicolae_shop_trees, shop,
          shop_fountains, shop, shop, uniq_edmund, uniq_crazy_yiuf_cottage
D:6:      layout_rooms, vehumet_altar_wand_db, minmay_temple_entry_trees,
          kennysheep_big_empty_room
D:7:      layout_rooms, okawaru_trees_2
D:8:      layout_loops_corners, chequers_temple_overflow_statue_of_worship,
          dancing_weapons_uskayaw, skrybe_limestone_x, serial_nicolae_subway,
          nicolae_sub_station_metal, nicolae_sub_station_crystal,
          nicolae_sub_station_stone
D:9:      layout_rooms, gammafunk_ghost_berserking_beasts

Skill      XL: |  1  2  3  4  5  6  7  8  9 |
---------------+----------------------------+-----
Transmutations | 2 4 5 7 9 10 | 10.0
Poison Magic   | 5 6 8 9 |  9.4
Spellcasting   | 3 4 5 |  5.1
Fighting       | 2 5 |  5.1
Dodging        | 5 |  5.7
Stealth        | |  2.1

Action                   |  1- 3 |  4- 6 |  7- 9 || total
-------------------------+-------+-------+-------++-------
Melee: Unarmed           |     5 |       |    62 ||    67
       Dagger            |       |    58 |    54 ||   112
       Quarterstaff      |       |       |    58 ||    58
 Cast: Sting             |    74 |    87 |    46 ||   207
       Poisonous Vapours |     6 |     7 |    15 ||    28
       Sandblast         |       |     6 |     4 ||    10
       Olgreb's Toxic Ra |       |       |    27 ||    27
       Mephitic Cloud    |       |       |     1 ||     1
       Blade Hands       |       |       |     6 ||     6
  Use: Potion            |       |     3 |       ||     3
       Scroll            |       |       |     5 ||     5
 Stab: Sleeping          |       |       |     1 ||     1
Armor: Robe              |     9 |    17 |    63 ||    89
Dodge: Dodged            |    23 |    41 |   182 ||   246

Table legend: (Time is in decaauts)
 A = Elapsed time spent in this place.
 B = Non-inter-level travel time spent in this place.
 C = Inter-level travel time spent in this place.
 D = Time resting spent in this place.
 E = Time spent auto-exploring this place.
 F = Levels seen in this place.
 G = Mean time per level.
                   A        B        C        D        E       F      G
               +--------+--------+--------+--------+--------+-----+--------+
         Total |  10073 |   9826 |    247 |   1941 |   6220 |   9 | 1119.2 |
       Dungeon |  10073 |   9826 |    247 |   1941 |   6220 |   9 | 1119.2 |
               +--------+--------+--------+--------+--------+-----+--------+

Top non-repeatable levels by time:
     D:2: 1883 daAuts
     D:5: 1501 daAuts
     D:1: 1449 daAuts
     D:4: 1163 daAuts
     D:8: 1126 daAuts
     D:3: 1041 daAuts
     D:6: 994 daAuts
     D:7: 633 daAuts
     D:9: 279 daAuts
